 Dungeon Crawl Stone Soup version 0.20.0-7-g3b7b877 (webtiles) character file.

3 Hasart the Scratcher (level 1, 0/9 HPs)
             Began as a Felid Transmuter on May 29, 2017.
             Slain by a kobold
             ... wielding a +0 whip
              (6 damage)
             ... on level 1 of the Dungeon.
             The game lasted 00:00:54 (235 turns).

Hasart the Scratcher (Felid Transmuter)              Turns: 235, Time: 00:00:55

Health: 0/9        AC:  1    Str:  6    XL:     1   Next: 41%
Magic:  4/4        EV: 18    Int: 14    God:
Gold:   0          SH:  0    Dex: 16    Spells: 3/4 levels left
                                        Lives:  0   Deaths: 0

rFire    . . .     SeeInvis +     - Unarmed
rCold    . . .     Gourm    .   (shield unavailable)
rNeg     . . .     Faith    .   (armour unavailable)
rPois    .         Spirit   .   (helmet unavailable)
rElec    .         Reflect  .   (cloak unavailable)
rCorr    .         Harm     .   (gloves unavailable)
MR       .....                  (boots unavailable)
Stlth    ++........             (no amulet)
Regen    0.1/turn               (no ring)
MPRegen  0.1/turn               (no ring)

@: quick
A: no armour, no weapons or thrown items, stealth, claws 1, fangs 3, see
invisible, carnivore 3, speed 1, shaggy fur 1, slow metabolism 1, sharp paws
a: no special abilities


You were on level 1 of the Dungeon.
You were full.

You visited 1 branch of the dungeon, and saw 1 of its levels.

Inventory:

Missiles
 a - 12 arrows
Scrolls
 d - a scroll of enchant weapon {unknown}
 h - a scroll of remove curse {unknown}
 i - 3 scrolls of teleportation {unknown}
 j - a scroll of enchant armour {unknown}
Potions
 e - a potion of curing {unknown}
 f - a potion of brilliance {unknown}
 g - a potion of mutation {unknown}
Books
 b - a book of Changes

   Spells                             Type                      Level
   a - Beastly Appendage              Transmutation                1
   b - Sticks to Snakes               Transmutation                2
   c - Spider Form                    Transmutation/Poison         3
   d - Ice Form                       Ice/Transmutation            4
   e - Blade Hands                    Transmutation                5
Comestibles
 c - a meat ration


   Skills:
 + Level 1.0 Fighting
 + Level 2.6 Dodging
 + Level 0.8 Stealth
 * Level 3.1 Unarmed Combat
 - Level 2.0 Spellcasting
 + Level 2.1 Transmutations


You had 3 spell levels left.
You knew the following spells:

 Your Spells              Type           Power        Failure   Level  Hunger
a - Beastly Appendage     Tmut           #.....       10%         1    ##.....


Dungeon Overview and Level Annotations

Branches:
Dungeon (1/15)

Altars:


Innate Abilities, Weirdness & Mutations

You cannot wear armour.
You are incapable of wielding weapons or throwing items.
Your paws allow you to move quietly. (Stealth)
You have sharp claws.
You have razor-sharp teeth.
You have supernaturally acute eyesight. (SInv)
You are carnivorous and can eat meat at any time.
You cover ground quickly.
You are covered in fur. (AC +1)
You have a slow metabolism.
Your sharp claws are effective at attacking unaware monsters.


Message History

Okay, then.
You start resting.
HP restored.
Found a ring mail.
j - a scroll labeled GIAFANW KEELL
Found a fruit.
Found a stone staircase leading down.
A kobold comes into view. It is wielding a whip.
You see here 2 coppery potions.
A kobold is nearby!
The kobold shouts!
The kobold throws a stone.
The stone completely misses you.
The kobold throws a stone.
The stone hits you but does no damage.
You see here a stone.
The kobold throws a stone.
The stone closely misses you.
The kobold throws a stone.
The stone hits you.
You see here a stone.
You see here a fruit.
The kobold hits you with a whip.
Ouch! That really hurt!
You die...

######''##### #.#
#............ #.#
#≈§§§§..≈≈§≈§ #.#
#§≈≈§≈..≈≈§≈§ #.#≈
#.§.......§§§
#.#≈.######''#####
#.#≈8#......<.....
#K#≈.#############
#@#≈..8..........8
#%#≈≈≈≈≈≈≈≈≈≈≈≈≈≈≈
#(#[..............
#.##..#.#.##......
#(##....#.##......
#.##.####.##......
#(##.# #.###.....
#.#....# #.#
#..... #....###
#+# #.....


You could see a kobold.

Vanquished Creatures
  A leopard gecko (D:1)
  A giant cockroach (D:1)
2 creatures vanquished.

Notes
Turn   | Place    | Note
-------+----------+-------------------------------------------
     0 | D:1      | Hasart the Felid Transmuter began the quest for the Orb.
     0 | D:1      | Reached XP level 1. HP: 9/9 MP: 4/4
   235 | D:1      | Slain by a kobold

Action                   || total
-------------------------++-------
Melee: Unarmed           ||     7
       Headbutt          ||     2
 Cast: Beastly Appendage ||     2
  Eat: Chunk             ||     3
Armor: Skin              ||     2
Dodge: Dodged            ||     7
